 Dungeon Crawl Stone Soup version 0.28-a0-984-g3775c662fe (webtiles) character file.

Game seed: 10795606383953640992

75 Blackjack the Shield-Bearer (level 4, -3/41 HPs)
             Began as a Gnoll Fighter on Dec 3, 2021.
             Slain by a gnoll (5 damage)
             ... on level 3 of the Dungeon.
             The game lasted 00:10:47 (2075 turns).

Blackjack the Shield-Bearer (Gnoll Fighter)         Turns: 2075, Time: 00:10:48

Health: -3/41      AC:  9    Str: 15    XL:     4   Next: 31%
Magic:  5/5        EV: 15    Int:  9    God:
Gold:   37         SH:  5    Dex: 12    Spells: 5/5 levels left

rFire   . . .      SeeInvis .   a - +0 flail
rCold   . . .      Faith    .   c - +0 buckler
rNeg    . . .      Spirit   .   n - +3 leather armour
rPois   .          Reflect  .   k - +1 helmet
rElec   .          Harm     .   (no cloak)
rCorr   .          Rampage  .   (no gloves)
Will    +....                   (no boots)
Stlth   +.........              (no amulet)
HPRegen 0.13/turn               g - +4 ring of evasion
MPRegen 0.09/turn               p - ring of willpower

@: no status effects
A: fangs 1, strong nose, distributed training
a: no special abilities


You were on level 3 of the Dungeon.
You visited 1 branch of the dungeon, and saw 3 of its levels.

You collected 92 gold pieces.
You spent 55 gold pieces at shops.

Inventory:

Hand Weapons
 a - a +0 flail (weapon)
 j - a +0 dagger
Armour
 c - a +0 buckler (worn)
 f - a +1 pair of gloves
 k - a +1 helmet (worn)
 n - a +3 leather armour (worn)
Jewellery
 g - a +4 ring of evasion (left hand)
 p - a ring of willpower (right hand)
Scrolls
 b - a scroll of brand weapon
 h - a scroll of enchant armour
 m - 2 scrolls of fear
 o - a scroll of torment
Potions
 d - a potion of might
 e - 2 potions of lignification {unknown}
 i - 2 potions of resistance {unknown}


   Skills:
 + Level 6.6 Fighting
 + Level 1.1 Short Blades
 + Level 1.1 Long Blades
 + Level 1.1 Axes
 + Level 4.6 Maces & Flails
 + Level 1.1 Polearms
 + Level 1.1 Staves
 + Level 1.1 Slings
 + Level 1.1 Bows
 + Level 1.1 Crossbows
 + Level 1.1 Throwing
 + Level 6.6 Armour
 + Level 1.1 Dodging
 + Level 1.1 Stealth
 + Level 6.6 Shields
 + Level 1.1 Unarmed Combat
 + Level 1.1 Spellcasting
 + Level 0.8 Conjurations
 + Level 0.8 Hexes
 + Level 0.8 Summonings
 + Level 0.8 Necromancy
 + Level 0.8 Translocations
 + Level 0.8 Transmutations
 + Level 0.8 Fire Magic
 + Level 0.8 Ice Magic
 + Level 0.8 Air Magic
 + Level 0.8 Earth Magic
 + Level 0.8 Poison Magic
 + Level 1.2 Invocations
 + Level 1.1 Evocations


You had 5 spell levels left.
You didn't know any spells.
Your spell library was empty.

Dungeon Overview and Level Annotations

Branches:
Dungeon (3/15)

Altars:

Shops:
D:2 ?


Innate Abilities, Weirdness & Mutations

You have very sharp teeth.
Your uncanny sense of smell can sniff out nearby items.
Your experience applies equally to all skills.


Message History

You see here 13 gold pieces.
The gnoll shouts!
You sock the gnoll sergeant!
The gnoll sergeant is moderately wounded.
The gnoll sergeant hits you with a +2 vampiric spear!
The gnoll sergeant draws strength from your wounds!
You hit the gnoll sergeant but do no damage.
The gnoll sergeant is moderately wounded.
You block the gnoll sergeant's attack.
You completely miss the gnoll sergeant.
The gnoll sergeant is moderately wounded.
The gnoll sergeant hits you with a +2 vampiric spear.
The gnoll sergeant draws strength from your wounds!
The gnoll sergeant hits you with a +2 vampiric spear.
The gnoll sergeant draws strength from your wounds!
The gnoll hits you but does no damage.
The gnoll sergeant hits you with a +2 vampiric spear.
* * * LOW HITPOINT WARNING * * *
The gnoll sergeant draws strength from your wounds!
The gnoll barely misses you.
Found a stone staircase leading up.
The gnoll sergeant hits you from afar with a +2 vampiric spear!
* * * LOW HITPOINT WARNING * * *
The gnoll barely misses you.
A kobold comes into view.
It is wielding a +0 whip and quivering poisoned darts.
The kobold shouts!
Found a stone staircase leading down.
The gnoll shouts!
You hear an angry hiss.
The gnoll closely misses you.
A frilled lizard and an endoplasm come into view.
The gnoll misses you. You block the gnoll's attack.
The gnoll sergeant closely misses you.
A worm comes into view.
You block the worm's attack.
You hit the worm. You bite the worm, but do no damage.
The worm is moderately wounded.
The gnoll hits you with a +0 flail.
* * * LOW HITPOINT WARNING * * *
The gnoll hits you with a +0 flail.
You die...

∆#.# #.# #.# .....
#.# #..<..# #.#
#.....# #.#
#.....# #w#
#######...#.####@#
....$.........##g#
..............##g#
†.......#..#..##g#
...........#gK##.#
........#...#g##g#
......g.###g#..#g#
........g...#...K#
##############...#


You could see a gnoll sergeant, a worm, 4 gnolls and a kobold.

Vanquished Creatures
  Robin (D:2)
  2 adders (D:2)
  A worm (D:2)
  3 ball pythons
  An endoplasm (D:2)
  2 giant cockroaches
  13 goblins
  4 hobgoblins
  3 jackals (D:2)
  A kobold (D:2)
  3 quokkas (D:2)
  A bat (D:1)
  3 frilled lizards
  2 rats (D:2)
40 creatures vanquished.

Vanquished Creatures (others)
  5 demonic plants (D:2)
  A plant (D:2)
  A withered plant (D:2)
7 creatures vanquished.

Grand Total: 47 creatures vanquished

Notes
Turn   | Place    | Note
-------+----------+-------------------------------------------
     0 | D:1      | Blackjack the Gnoll Fighter began the quest for the Orb.
     0 | D:1      | Reached XP level 1. HP: 23/23 MP: 1/1
   461 | D:1      | Reached XP level 2. HP: 29/29 MP: 2/2
   742 | D:2      | Noticed Robin
   767 | D:2      | Killed Robin
   768 | D:2      | Reached XP level 3. HP: 9/35 MP: 2/4
  1056 | D:2      | Reached skill level 1 in Invocations
  1097 | D:2      | Found a faded altar of an unknown god.
  1111 | D:2      | Reached skill level 1 in Short Blades
  1111 | D:2      | Reached skill level 1 in Long Blades
  1111 | D:2      | Reached skill level 1 in Axes
  1111 | D:2      | Reached skill level 1 in Polearms
  1111 | D:2      | Reached skill level 1 in Staves
  1111 | D:2      | Reached skill level 1 in Slings
  1111 | D:2      | Reached skill level 1 in Bows
  1111 | D:2      | Reached skill level 1 in Crossbows
  1111 | D:2      | Reached skill level 1 in Throwing
  1111 | D:2      | Reached skill level 1 in Dodging
  1111 | D:2      | Reached skill level 1 in Stealth
  1111 | D:2      | Reached skill level 1 in Unarmed Combat
  1111 | D:2      | Reached skill level 1 in Spellcasting
  1111 | D:2      | Reached skill level 1 in Evocations
  1276 | D:2      | Reached XP level 4. HP: 40/41 MP: 5/5
  1740 | D:2      | Found Ifidesiups's Magic Scroll Boutique.
  1743 | D:2      | Bought a scroll of fear for 35 gold pieces
  1743 | D:2      | Bought a scroll of identify for 20 gold pieces
  1857 | D:3      | Noticed a gnoll sergeant
  1857 | D:3      | Noticed a centaur
  2075 | D:3      | HP: 2/41 [gnoll (5)]
  2075 | D:3      | Slain by a gnoll

Illustrated notes

Levels and vault maps discovered:
D:1:      minmay_arrival_plants_in_alcoves, layout_basic
D:2:      layout_loops_ring, serial_shops, nicolae_shop_statue_plus,
          shapermc_ecumenical_altar_gd, minmay_misc_feat_ornament,
          kennysheep_boxes, uniq_robin
D:3:      layout_basic

Skill      XL: |  1  2  3 |
---------------+----------+-----
Invocations    | 1 |  1.2
Short Blades   | 1 |  1.1
Long Blades    | 1 |  1.1
Axes           | 1 |  1.1
Polearms       | 1 |  1.1
Staves         | 1 |  1.1
Slings         | 1 |  1.1
Bows           | 1 |  1.1
Crossbows      | 1 |  1.1
Throwing       | 1 |  1.1
Dodging        | 1 |  1.1
Stealth        | 1 |  1.1
Unarmed Combat | 1 |  1.1
Spellcasting   | 1 |  1.1
Evocations     | 1 |  1.1
Fighting       | |  6.6
Maces & Flails | |  4.6
Armour         | |  6.6
Shields        | |  6.6
Conjurations   | |  0.8
Hexes          | |  0.8
Summonings     | |  0.8
Necromancy     | |  0.8
Translocations | |  0.8
Transmutations | |  0.8
Fire Magic     | |  0.8
Ice Magic      | |  0.8
Air Magic      | |  0.8
Earth Magic    | |  0.8
Poison Magic   | |  0.8

Action                   |  1- 3 |  4- 6 || total
-------------------------+-------+-------++-------
Melee: Flail             |    72 |    33 ||   105
       Bite              |     2 |     1 ||     3
  Use: Scroll            |       |     5 ||     5
 Stab: Sleeping          |       |     1 ||     1
Armor: Scale mail        |    26 |       ||    26
       Leather armour    |       |    14 ||    14
Dodge: Dodged            |    35 |    21 ||    56
Block: Buckler           |    24 |    12 ||    36

Table legend: (Time is in decaauts)
 A = Elapsed time spent in this place.
 B = Non-inter-level travel time spent in this place.
 C = Inter-level travel time spent in this place.
 D = Time resting spent in this place.
 E = Time spent auto-exploring this place.
 F = Levels seen in this place.
 G = Mean time per level.
                   A        B        C        D        E       F      G
               +--------+--------+--------+--------+--------+-----+--------+
         Total |   2091 |   2055 |     36 |    303 |   1406 |   3 |  697.0 |
       Dungeon |   2091 |   2055 |     36 |    303 |   1406 |   3 |  697.0 |
               +--------+--------+--------+--------+--------+-----+--------+

Top non-repeatable levels by time:
     D:2: 1073 daAuts
     D:1: 743 daAuts
     D:3: 274 daAuts
